 Dungeon Crawl Stone Soup version 0.21-a0-401-g0b6bec4 (webtiles) character file.

4051 grizmgrazm2 the Skirmisher (level 10, -2/84 HPs)
             Began as a Grey Draconian Transmuter on Oct 22, 2017.
             Was a High Priest of Ru.
             Slain by a two-headed ogre
             ... wielding a +0 giant club
              (8 damage)
             ... on level 8 of the Dungeon.
             The game lasted 00:33:29 (7891 turns).

grizmgrazm2 the Skirmisher (DrTm)                   Turns: 7891, Time: 00:33:30

Health: -2/84      AC: 13    Str: 12    XL:     10   Next: 4%
Magic:  19/19      EV: 15    Int: 17    God:    Ru [*****.]
Gold:   390        SH:  0    Dex: 12    Spells: 14/21 levels left

rFire    . . .     SeeInvis .   l - +2 dagger (elec)
rCold    . . .     Gourm    .   (no shield)
rNeg     . . .     Faith    .   (armour unavailable)
rPois    .         Spirit   .   (helmet restricted)
rElec    .         Reflect  .   f - +0 cloak
rCorr    .         Harm     .   (no gloves)
MR       .....                  (boots currently unavailable)
Stlth    ++........             r - amulet of regeneration
HPRegen  0.64/turn              n - ring of protection from cold
MPRegen  0.16/turn              k - ring of protection from fire

@: appendage, no scrolls
A: walk through water, unfitting armour, talons 3, unbreathing, cold-blooded,
inability to read while threatened, inability to use devices, temperature
sensitive, AC +12
a: End Transformation, Draw Out Power, Power Leap, Apocalypse, Renounce Religion


You were on level 8 of the Dungeon.
You worshipped Ru.
Ru was extremely pleased with you.
You were hungry.
You had grown temporary talons.
You visited 1 branch of the dungeon, and saw 8 of its levels.
You also visited: Sewer.

You collected 390 gold pieces.

Inventory:

Hand Weapons
 l - a +2 dagger of electrocution (weapon)
Missiles
 a - 111 arrows
Armour
 f - a +0 cloak (worn)
Jewellery
 i - a +3 ring of dexterity
 k - a ring of protection from fire (right hand)
 n - a ring of protection from cold (left hand)
 r - an amulet of regeneration (around neck)
 s - an uncursed ring of protection from cold
Scrolls
 e - 3 scrolls of amnesia
 j - 4 scrolls of remove curse
 m - 4 scrolls of teleportation
 p - 2 scrolls of fog
 q - a scroll of summoning {unknown}
 t - a scroll of identify
 u - a scroll of magic mapping
Potions
 d - a potion of degeneration
 h - a potion of heal wounds
 o - 4 potions of curing
 x - 3 potions of flight
Books
 b - a book of Changes

   Spells                             Type                      Level
   a - Beastly Appendage              Transmutation                1
   b - Sticks to Snakes               Transmutation                2
   c - Spider Form                    Transmutation/Poison         3
   d - Ice Form                       Ice/Transmutation            4
   e - Blade Hands                    Transmutation                5
Comestibles
 c - 10 bread rations
 v - 4 meat rations
 w - 5 royal jellies


   Skills:
 * Level 6.8 Fighting
 + Level 5.1 Short Blades
 + Level 6.0 Dodging
 + Level 3.7 Stealth
 + Level 3.5 Unarmed Combat
 + Level 6.4 Spellcasting
 + Level 6.6 Transmutations


You had 14 spell levels left.
You knew the following spells:

 Your Spells              Type           Power        Failure   Level  Hunger
a - Beastly Appendage     Tmut           ####..       1%          1    None
b - Sticks to Snakes      Tmut           ####....     1%          2    None
c - Ice Form              Ice/Tmut       ###.....     30%         4    ####...


Dungeon Overview and Level Annotations

Branches:
Dungeon (8/15)             Temple (0/1) D:4            Lair (0/6) D:8

Altars:
Elyvilon
Fedhas
Hepliaklqana
Makhleb
Nemelex Xobeh
Okawaru
Qazlal
Ru
Trog
Vehumet
Wu Jian
Zin

Shops:
D:6 =

Annotations:
D:8 2 transporters


Innate Abilities, Weirdness & Mutations

You can walk through water.
Your dull iron-grey scales are very hard. (AC +12)
You cannot fit into any form of body armour.
You can survive without breathing.
You are cold-blooded and may be slowed by cold attacks.
You cannot read scrolls while threatened.
You cannot study or use magical devices.
You are sensitive to extremes of temperature. (rF-, rC-)
You have claws for feet.


Message History

The two-headed ogre is severely wounded.
The two-headed ogre hits you with a giant club!
* * * LOW HITPOINT WARNING * * *
The two-headed ogre hits you with a giant club.
* * * LOW HITPOINT WARNING * * *
You hit the two-headed ogre.
The two-headed ogre is severely wounded.
You are feeling hungry.
You hit the two-headed ogre. You claw the two-headed ogre.
The two-headed ogre is severely wounded.
The two-headed ogre is stunned by your will and fails to attack.
You hit the two-headed ogre.
The two-headed ogre is severely wounded.
The centaur warrior shouts!
You hit the two-headed ogre. You claw the two-headed ogre.
The two-headed ogre is almost dead.
You barely miss the two-headed ogre.
The two-headed ogre is almost dead.
The two-headed ogre hits you with a giant club!
You die...

#........... #$...........
#............. ####
#............. .....
#..........### ####.
#.........##.. ...##
#..O......#8.##. #(8#
#@#..$.#..##.##..#
###......#D$.......#
#.......©#Jc....©..#
#........#G$......o#
#..[.....#c$##.##..#
#........#8.##.##.8#
#....#...##.(...oo## ..
#....#....#########.
..########..................


You could see a five-headed hydra, a slime creature, a centaur warrior, a
two-headed ogre and an eye of draining.

Vanquished Creatures
  2 hippogriffs
  A wyvern (D:7)
  A yak (D:7)
  A human (D:7)
  2 hogs (D:7)
  5 orc warriors
  A sky beast (D:6)
  3 ogres
  An ice beast (D:6)
  3 phantoms
  A centaur (D:8)
  A bullfrog (D:7)
  A scorpion (D:4)
  3 killer bees (D:8)
  A howler monkey (D:6)
  6 crimson imps
  2 quasits
  A hound (D:8)
  A bullfrog zombie (D:7)
  A centaur skeleton (D:5)
  3 orc priests
  4 bullfrog skeletons
  4 iguanas
  7 orc wizards
  5 worker ants
  A hound zombie (D:5)
  A worker ant zombie (D:7)
  13 adders
  4 gnolls (D:8)
  A river rat (D:3)
  A shadow imp (D:7)
  7 oozes
  3 worms
  2 dart slugs
  9 leopard geckos
  22 orcs
  11 ball pythons
  9 bats
  19 giant cockroaches
  11 goblins
  13 hobgoblins
  9 jackals
  5 kobolds
  4 quokkas
  11 frilled lizards
  A quokka skeleton (D:7)
  8 rats
226 creatures vanquished.

Vanquished Creatures (collateral kills)
  A sky beast (D:6)
  An orc wizard (D:5)
  2 worms
  2 leopard geckos (Sewer)
  2 orcs
  2 giant cockroaches (Sewer)
  A goblin (D:2)
  2 hobgoblins
  A jackal (D:5)
  A quokka (D:5)
  2 kobolds (D:1)
  2 rats
19 creatures vanquished.

Vanquished Creatures (others)
  A hog (D:7)
  A centaur (D:6)
2 creatures vanquished.

Grand Total: 247 creatures vanquished

Notes
Turn   | Place    | Note
-------+----------+-------------------------------------------
     0 | D:1      | grizmgrazm2 the Draconian Transmuter began the quest for the Orb.
     0 | D:1      | Reached XP level 1. HP: 16/16 MP: 3/3
    99 | D:1      | Reached XP level 2. HP: 15/23 MP: 3/5
   423 | D:1      | Learned a level 2 spell: Sticks to Snakes
   742 | D:1      | Reached XP level 3. HP: 27/28 MP: 0/6
  1401 | D:2      | Reached XP level 4. HP: 32/35 MP: 3/7
  1412 | D:2      | Found a sacrificial altar of Ru.
  1420 | D:2      | Became a worshipper of Ru the Awakened
  1631 | D:2      | Learned a level 4 spell: Ice Form
  2194 | D:3      | Reached skill level 1 in Short Blades
  2194 | D:3      | Reached skill level 1 in Stealth
  2312 | D:3      | Reached XP level 5. HP: 23/40 MP: 5/9
  2361 | D:3      | Found a glowing drain.
  2365 | Sewer    | Entered a sewer
  2663 | Sewer    | Gained mutation: You cannot study or use magical devices. [Ru sacrifice]
  2663 | Sewer    | Reached * piety under Ru
  2663 | Sewer    | Reached ** piety under Ru
  3052 | D:3      | Found a white marble altar of Elyvilon.
  3052 | D:3      | Found a radiant altar of Vehumet.
  3053 | D:3      | Found a sparkling altar of Nemelex Xobeh.
  3061 | D:3      | Found a stormy altar of Qazlal.
  3062 | D:3      | Found a hazy altar of Hepliaklqana.
  3155 | D:3      | Reached XP level 6. HP: 48/48 MP: 8/10
  3285 | D:4      | Found a bloodstained altar of Trog.
  3569 | D:4      | Found a staircase to the Ecumenical Temple.
  3972 | D:4      | Found a glowing silver altar of Zin.
  3985 | D:5      | Entered Level 5 of the Dungeon
  4071 | D:5      | Your scales start taking on a dull iron-grey colour.
  4071 | D:5      | Reached XP level 7. HP: 56/56 MP: 10/12
  4071 | D:5      | Gained mutation: You can survive without breathing. [Grey Draconian growth]
  4383 | D:5      | Gained mutation: You are sensitive to extremes of temperature. (rF-, rC-) [Ru sacrifice]
  4383 | D:5      | Reached *** piety under Ru
  4383 | D:5      | Reached **** piety under Ru
  4383 | D:5      | Reached ***** piety under Ru
  4484 | D:5      | Found an ornate altar of the Wu Jian Council.
  4844 | D:6      | Found Atutz's Jewellery Emporium.
  4873 | D:6      | Found an iron altar of Okawaru.
  5007 | D:6      | Reached XP level 8. HP: 35/66 MP: 14/14
  5012 | D:6      | Reached skill level 5 in Transmutations
  5178 | D:6      | Found a burning altar of Makhleb.
  5705 | D:7      | Reached skill level 5 in Spellcasting
  5854 | D:7      | Found a blossoming altar of Fedhas.
  5904 | D:7      | Reached skill level 5 in Fighting
  5977 | D:7      | Reached XP level 9. HP: 57/74 MP: 12/16
  6209 | D:7      | Gained mutation: You cannot read scrolls while threatened. [Ru sacrifice]
  7107 | D:8      | Found a transporter.
  7107 | D:8      | Noticed a five-headed hydra
  7112 | D:8      | Noticed a centaur warrior
  7132 | D:7      | Reached skill level 5 in Dodging
  7410 | D:8      | Noticed a five-headed hydra
  7413 | D:8      | Found the ring of Phasing {EV+8}
  7413 | D:8      | Found a transporter.
  7441 | D:8      | Found a staircase to the Lair.
  7566 | D:8      | Reached skill level 5 in Short Blades
  7706 | D:8      | Reached XP level 10. HP: 83/84 MP: 17/19
  7732 | D:8      | Found a flagged portal.
  7876 | D:8      | Noticed a two-headed ogre
  7886 | D:8      | HP: 4/84 [two-headed ogre/giant club (3)]
  7891 | D:8      | Slain by a two-headed ogre

Vault maps used:
D:1:      dpeg_arrival_prison, serial_forest, infiniplex_forest_straight_2,
          infiniplex_forest_clump_small, infiniplex_forest_clump_diagonal,
          infiniplex_forest_pool
D:2:      nicolae_ru_sacrificial_ziggurat
D:3:      grunt_temple_overflow_open, first_bread, gup_sewer_entry_spiral
D:4:      nicolae_overflow_hidden_temple, zin_statuary,
          minmay_temple_entry_water_ring
D:5:      cheibrodos_fzero, kennysheep_mini
D:6:      old_standard_altar, kennysheep_mini_moat, serial_shops,
          nicolae_shop_behind_doors
D:7:      nicolae_overflow_crystal_walls, grunt_livestock
D:8:      gammafunk_sealed_arena, lair_entry_dummy, enter_bailey_2
Sewer:    sewer_frog_island_02

Skill      XL: |  1  2  3  4  5  6  7  8  9 |
---------------+----------------------------+-----
Dodging        | 2 3 4 6 |  6.0
Transmutations | 3 4 5 6 |  6.6
Short Blades   | 1 2 3 4 5 |  5.1
Stealth        | 1 2 3 |  3.7
Spellcasting   | 3 4 5 6 |  6.4
Fighting       | 2 3 5 6 |  6.8
Unarmed Combat | |  3.5

Action                   |  1- 3 |  4- 6 |  7- 9 | 10-12 || total
-------------------------+-------+-------+-------+-------++-------
Melee: Unarmed           |    25 |       |       |       ||    25
       Dagger            |   103 |   258 |   420 |    31 ||   812
       Tailslap          |    16 |    21 |    54 |       ||    91
       Kick              |     7 |    33 |    35 |     3 ||    78
       Headbutt          |     4 |     9 |    30 |     1 ||    44
       Punch             |       |     2 |     3 |     1 ||     6
 Cast: Beastly Appendage |    23 |    38 |    38 |     3 ||   102
       Sticks to Snakes  |     9 |    14 |    19 |       ||    42
Invok: Sacrifice Artific |       |     1 |       |       ||     1
       Sacrifice Resista |       |       |     1 |       ||     1
       Sacrifice Words   |       |       |     1 |       ||     1
  Use: Scroll            |     6 |     4 |     5 |       ||    15
       Potion            |       |     3 |     4 |       ||     7
 Stab: Sleeping          |     3 |     3 |     2 |       ||     8
       Distracted        |       |       |     3 |       ||     3
       Paralysed         |       |       |     1 |       ||     1
  Eat: Chunk             |     3 |     7 |     5 |       ||    15
       Bread ration      |       |     1 |     1 |       ||     2
       Fruit             |       |       |     2 |       ||     2
Armor: Skin              |    51 |    51 |   117 |     5 ||   224
Dodge: Dodged            |   117 |   173 |   312 |    21 ||   623

Table legend:
 A = Spawn XP
 B = Non-spawn XP
 C = Spawn XP percentage of total XP
 D = Spawn monster count
 E = Non-spawn monster count
 F = Spawn count percentage of total count
 G = Total turns spent on level
                    A         B        C        D         E        F      G
               +---------+---------+-------+---------+---------+-------+---------
         Total |       0 |    5788 |   0.0 |       0 |     247 |   0.0 |  7891
               +---------+---------+-------+---------+---------+-------+---------
           D:1 |       0 |      59 |   0.0 |       0 |      33 |   0.0 |  1089
           D:2 |       0 |      54 |   0.0 |       0 |      23 |   0.0 |   716
           D:3 |       0 |     149 |   0.0 |       0 |      30 |   0.0 |  1143
           D:4 |       0 |     216 |   0.0 |       0 |      16 |   0.0 |   594
           D:5 |       0 |     702 |   0.0 |       0 |      22 |   0.0 |   851
           D:6 |       0 |     823 |   0.0 |       0 |      15 |   0.0 |   851
           D:7 |       0 |    2259 |   0.0 |       0 |      33 |   0.0 |  1670
           D:8 |       0 |    1375 |   0.0 |       0 |      30 |   0.0 |   534
         Sewer |       0 |     151 |   0.0 |       0 |      45 |   0.0 |   443
               +---------+---------+-------+---------+---------+-------+---------
